 Dungeon Sprint DCSS version 0.21.0-30-g47ce8e4 (webtiles) character file.

1083 Mimshu the Carver (level 8, -9/123 HPs)
             Began as a Minotaur Berserker on Jan 28, 2018.
             Was a Priest of Trog.
             Mangled by a demonic crawler (11 damage)
             ... in the Dungeon (Sprint I: "Red Sonja").
             The game lasted 00:01:51 (1074 turns).

Mimshu the Carver (Minotaur Berserker)              Turns: 1074, Time: 00:01:52

Health: -9/123     AC:  2    Str: 27    XL:     8   Next: 8%
Magic:  7/7        EV: 13    Int:  4    God:    Trog [***...]
Gold:   270        SH:  0    Dex: 12    Spells: 7/7 levels left

rFire    . . .     SeeInvis .   a - +0 falchion
rCold    . . .     Gourm    .   (no shield)
rNeg     . . .     Faith    .   b - +0 animal skin
rPois    .         Spirit   .   (helmet restricted)
rElec    .         Reflect  .   (no cloak)
rCorr    .         Harm     .   (no gloves)
MR       .....     NoTele   +   (no boots)
Stlth    ..........             (no amulet)
HPRegen  0.30/turn              (no ring)
MPRegen  0.10/turn              (no ring)

@: berserking, very quick
A: retaliatory headbutt, horns 2
a: Berserk, Trog's Hand, Burn Spellbooks, Renounce Religion


You were in the Dungeon.
You worshipped Trog.
Trog was most pleased with you.
You were hungry.

You visited 1 branch You collected 270 gold pieces.

Inventory:

Hand Weapons
 a - a +0 falchion (weapon)
 k - a +0 scythe
Armour
 b - a +0 animal skin (worn)
Wands
 j - a wand of flame (23)
Scrolls
 i - a scroll of blinking
Potions
 d - 2 potions of curing
 e - a potion of heal wounds
 f - a potion of haste
 g - 2 potions of magic
 h - a potion of berserk rage


   Skills:
 + Level 11.4 Fighting
 * Level 14.5 Long Blades
 + Level 10.5 Armour
 - Level 3.0 Dodging


You had 7 spell levels left.
You didn't know any spells.

Dungeon Overview and Level Annotations

Branches:
Dungeon (1/1)

Altars:
Makhleb
Xom
Jiyva
Lugonu


Innate Abilities, Weirdness & Mutations

You reflexively headbutt those who attack you in melee.
You have a pair of horns on your head.


Message History

You headbutt the demonic crawler, but do no damage.
The demonic crawler is lightly wounded.
The demonic crawler barely misses you. x2; The demonic crawler hits you.
* * * LOW HITPOINT WARNING * * *
The demonic crawler hits you.
* * * LOW HITPOINT WARNING * * *
The demonic crawler barely misses you.
Things that are here:
a dagger; a robe
There is an open door, spattered with blood here.
The demonic crawler hits you.
* * * LOW HITPOINT WARNING * * *
The demonic crawler misses you. The demonic crawler hits you!
* * * LOW HITPOINT WARNING * * *
A red film seems to cover your vision as you go berserk!
You feel yourself moving faster!
You feel mighty!
You are feeling hungry.
The demonic crawler barely misses you. The demonic crawler closely misses you.
The demonic crawler hits you!
You die...

#######################
#..').#.['..#__#.sss..#
').#..'..#..'..'@s#)s.##+#
#####'#####+#__####...'..#
# #..# #### #####..+ #
#### ## # # #


You could see 4 demonic crawlers.

Vanquished Creatures
  2 kobold demonologists (D)
  A slime creature (D)
  Sigmund (D)
  A floating eye (D)
  An ogre (D)
  Ijyb (D)
7 creatures vanquished.

Notes
Turn   | Place    | Note
-------+----------+-------------------------------------------
     0 | D        | Mimshu the Minotaur Berserker began the quest for the Orb.
     0 | D        | Reached XP level 1. HP: 19/19 MP: 0/0
     1 | D        | Noticed Ijyb
    11 | D        | Killed Ijyb
    11 | D        | Reached skill level 5 in Fighting
    11 | D        | Reached skill level 5 in Long Blades
    11 | D        | Reached XP level 2. HP: 16/30 MP: 1/1
   245 | D        | Noticed an ogre
   249 | D        | Killed an ogre
   249 | D        | Reached skill level 8 in Long Blades
   249 | D        | Reached skill level 5 in Armour
   249 | D        | Reached XP level 3. HP: 6/39 MP: 2/2
   249 | D        | Reached XP level 4. HP: 7/47 MP: 3/3
   517 | D        | Noticed Sigmund
   524 | D        | Killed Sigmund
   524 | D        | Reached ** piety under Trog
   524 | D        | Reached skill level 10 in Long Blades
   524 | D        | Reached XP level 5. HP: 51/56 MP: 4/4
   524 | D        | Reached XP level 6. HP: 57/62 MP: 5/5
   657 | D        | Found a burning altar of Makhleb.
   657 | D        | Found a viscous altar of Jiyva.
   657 | D        | Found a shimmering altar of Xom.
   657 | D        | Found a corrupted altar of Lugonu.
   657 | D        | Noticed a slime creature
   671 | D        | Killed a slime creature
   671 | D        | Reached skill level 12 in Long Blades
   812 | D        | Noticed a kobold demonologist
   812 | D        | Noticed a floating eye
   813 | D        | Noticed a kobold demonologist
   817 | D        | Killed a floating eye
   817 | D        | Reached skill level 10 in Fighting
   817 | D        | Reached XP level 7. HP: 72/72 MP: 6/6
   829 | D        | Noticed a red devil
   829 | D        | Killed a kobold demonologist
   829 | D        | Reached *** piety under Trog
   829 | D        | Reached skill level 13 in Long Blades
   829 | D        | Reached skill level 10 in Armour
   834 | D        | Killed a kobold demonologist
   834 | D        | Reached skill level 14 in Long Blades
   834 | D        | Reached XP level 8. HP: 80/82 MP: 7/7
  1065 | D        | Noticed a demonic crawler
  1065 | D        | Noticed a demonic crawler
  1065 | D        | Noticed a demonic crawler
  1065 | D        | Noticed a demonic crawler
  1073 | D        | HP: 1/82 [demonic crawler (13)]
  1074 | D        | Mangled by a demonic crawler

Skill      XL: |  1  2  3  4  5  6  7 |
---------------+----------------------+-----
Fighting       | 5 7 8 10 11 | 11.4
Long Blades    | 5 8 10 12 14 | 14.5
Armour         | 3 5 7 9 10 | 10.5
Dodging        | 3 |  3.0

Action                   |  1- 3 |  4- 6 |  7- 9 || total
-------------------------+-------+-------+-------++-------
Melee: Falchion          |    11 |    22 |    19 ||    52
       Headbutt          |     2 |     4 |     4 ||    10
Invok: Berserk           |     1 |     1 |     2 ||     4
  Eat: Ration            |       |     1 |       ||     1
Armor: Animal skin       |     1 |     3 |     1 ||     5
Dodge: Dodged            |     5 |     6 |    17 ||    28
       Rpst.: Falchion   |       |     2 |     3 ||     5
